[Event "Baku Open 2024"]
[Site "Baku"]
[Date "2024.07.02"]
[Round "4.33"]
[White "Bizhigitov, Zhangir"]
[Black "Aliyev, Ravan"]
[Result "1-0"]
[ECO "C72"]
[WhiteElo "2212"]
[BlackElo "2352"]
[Annotator "TA"]
[PlyCount "59"]
[EventDate "2024.06.29"]
[EventType "swiss"]
[EventCountry "AZE"]
[SourceTitle "playchess.com"]
[Source "ChessBase"]
[SourceQuality "1"]
[TimeControl "5400+30"]

1. e4 e5 2. Nf3 Nc6 3. Bb5 a6 4. Ba4 d6 5. O-O Bd7 6. c4 Nf6 7. Nc3 g6 8. d4 exd4 9. Nxd4 Bg7 {[%emt 0:00:05] White has an edge.} 10. Nxc6 bxc6 {[%emt 0:00:27] [#]} (10... Bxc6 $11 {keeps the balance.} 11. Bxc6+ bxc6) 11. c5 $1 $16 dxc5 12. e5 {[%emt 0:03:48] White is more active.} (12. Bg5 $16 h6 13. Be3) 12... Nd5 $1 $11 13. Ne4 Bxe5 {[%emt 0:11:39] [#]} (13... Qe7 $1 $14) 14. Bg5 $1 $16 (14. Nxc5 O-O $14) 14... f6 {[%emt 0:01:55] [#]} 15. Bh6 (15. Nxc5 $1 $16 {[%cal Of1e1] Re1! would now be deadly.} Kf7 (15... fxg5 $2 16. Re1 $18) 16. Rc1) 15... Qe7 $14 16. Rc1 $36 {[%emt 0:13:16][%mdl 2048] White is really pushing.} Kf7 $2 {[%emt 0:01:58][%mdl 8192] A mistake that costs the game.} (16... c4 $16) 17. Nxc5 $18 Rad8 18. Nxd7 (18. Nxa6 Be6 $14) 18... Qxd7 (18... Rxd7 {might work better.} 19. Bxc6 (19. Rxc6 Rhd8 $18) 19... Rhd8 20. Bxd7 Qxd7) 19. Rxc6 (19. Bxc6 Qe6 $16) 19... Qf5 {[%emt 0:00:07] Prevents f4} (19... Rhe8 {was necessary.} 20. Rxf6+ (20. Rxa6 Qf5 $18) 20... Bxf6) 20. Bb3 {[%emt 0:04:57] A strong pair of Bishops. White is clearly winning.} ({Less strong is} 20. Rxa6 Bf4 $16) 20... g5 21. Qh5+ ({Weaker is} 21. Bxd5+ Kg6 22. Be6 Bxh2+ 23. Kh1 Qe4 $14) 21... Qg6 22. Qh3 g4 23. Qh4 Qe4 24. Rc4 Qe2 25. Rxg4 c6 (25... Rhg8 $142) 26. Re4 Qxb2 27. Qh5+ Ke7 28. f4 Rhg8 29. Re2 (29. fxe5 $2 Qxg2#) 29... Qd4+ 30. Kh1 {[%emt 0:00:05] Weighted Error Value: White=0.93/Black=0.74.  Loses game:     	---       	Black=1      Mistake:       	White=2     	Black=4      Inaccurate:     	---       	Black=1      OK:         	White=8     	Black=5      Best:        	---       	Black=1      Strong:       	White=1     	Black=1} 1-0

[Event "Baku Open 2024"]
[Site "Baku"]
[Date "2024.07.02"]
[Round "4.34"]
[White "Javadov, Habil"]
[Black "Mammadova, Gulnar"]
[Result "1/2-1/2"]
[ECO "D02"]
[WhiteElo "2195"]
[BlackElo "2348"]
[Annotator "TA"]
[PlyCount "45"]
[EventDate "2024.06.29"]
[EventType "swiss"]
[EventCountry "AZE"]
[SourceTitle "playchess.com"]
[Source "ChessBase"]
[SourceQuality "1"]
[TimeControl "5400+30"]

1. d4 Nf6 2. Nf3 d5 3. Bf4 e6 4. e3 c5 5. c3 Bd6 6. Bg3 O-O 7. Nbd2 Qc7 8. Bd3 Nbd7 9. O-O Bxg3 10. hxg3 e5 11. e4 cxd4 12. cxd4 exd4 13. Rc1 Qd6 14. Re1 {[%emt 0:01:43] [#] Hoping for e5.} dxe4 15. Nxe4 Qb6 (15... Nxe4 {simplifies} 16. Rxe4 Nf6 17. Rxd4 Qe7) 16. Qb3 ({Better is} 16. Neg5 $14 h6 17. Nxf7 Rxf7 18. Bc4) 16... Nxe4 {[%emt 0:05:14] The position is equal.} (16... Qxb3 {simplifies} 17. axb3 Rd8 18. Bc4 Nb6) 17. Bxe4 Nc5 (17... Qxb3 {simplifies} 18. axb3 Nf6 19. Nxd4 Rd8) 18. Bxh7+ Kxh7 19. Qc2+ d3 20. Qxc5 Qxc5 21. Rxc5 b6 22. Rc7 Kg8 23. Ree7 {[%emt 0:03:35] An uneventful encounter.   Weighted Error Value: White=0.11 (very precise) /Black=0.07 (flawless) .  Mistake:       	White=1     	---        Inaccurate:     	---       	Black=1      OK:         	White=6     	Black=5} 1/2-1/2

[Event "Baku Open 2024"]
[Site "Baku"]
[Date "2024.07.02"]
[Round "4.35"]
[White "Md Imran"]
[Black "Aarav Sinha"]
[Result "1-0"]
[ECO "E04"]
[WhiteElo "2180"]
[BlackElo "2300"]
[Annotator "TA"]
[PlyCount "45"]
[EventDate "2024.06.29"]
[EventType "swiss"]
[EventCountry "AZE"]
[SourceTitle "playchess.com"]
[Source "ChessBase"]
[SourceQuality "1"]
[TimeControl "5400+30"]

1. d4 Nf6 2. c4 e6 3. g3 d5 4. Bg2 Bb4+ 5. Nd2 O-O 6. Ngf3 dxc4 7. Qc2 a5 8. a3 Bxd2+ 9. Bxd2 b5 {[%emt 0:00:10] The position is equal.} 10. a4 c6 11. h4 Bb7 12. h5 h6 {[%emt 0:09:43] [#]} 13. g4 $1 Nxg4 14. Rg1 {[%emt 0:00:11] Strongly threatening Bh3.} Nf6 $2 {[%emt 0:08:19] [#] Black cannot hold the game after this.} (14... Kh8 $11) 15. Ne5 $1 $18 {[%emt 0:00:30][%cal Od2h6] And now Bxh6! would win.} Kh8 16. axb5 Qc8 $2 (16... Qb6 17. Qc1 (17. Nxc4 Qxb5 18. Qc1 Rd8 $16) 17... Kh7 (17... Qxb5 $2 18. Bxh6 $18) (17... cxb5 $2 18. Bxb7 $18) 18. Bf3 $18 (18. Nxc4 Qxb5 19. Bf3 Nbd7 $16) (18. Qxc4 Ra7 $18)) (16... Qxd4 {might work better.} 17. bxc6 (17. Qxc4 $2 Qxe5 18. Qd3 Rc8 $19) (17. Nxc6 Qc5 $11) 17... Qxe5 18. cxb7 Ra6) 17. Qxc4 (17. Nxc4 cxb5 (17... Nxh5 $2 18. Nd6 $18) 18. Bxb7 Qxb7 $11 (18... Qxc4 $2 19. Qxc4 bxc4 20. Bxa8 $18)) 17... Nd5 {[%emt 0:01:07] [#]} (17... Qc7 $142 18. bxc6 (18. Nxc6 Qh2 $16) 18... Nxc6 19. Bxc6 (19. Nxc6 Rac8 $18) 19... Qe7) 18. Bxh6 $1 {[%emt 0:02:09][%mdl 512] White wants to mate with Bxd5.} cxb5 {[%emt 0:10:43] [#]} 19. Bxg7+ $1 {[%emt 0:02:14][%mdl 512] A strong pair of Bishops.} Kh7 (19... Kxg7 20. Bxd5+) 20. Qd3+ Kxg7 21. Bxd5+ (21. Qg3+ $142 Kf6 22. Qh4+ Kg7 23. Qg5+ (23. Bxd5+ Kh7 24. Qf6 Rg8 25. Qxf7+ Kh8 26. Rxg8+ Qxg8 27. Ng6+ Qxg6 28. hxg6 exd5 29. Qh7#) 23... Kh7 24. Be4+ f5 25. Qg7#) 21... Kf6 22. Qf3+ Ke7 23. Bxb7 {[%emt 0:00:03] Weighted Error Value: White=0.10 (very precise) /Black=0.78.  Loses game:     	---       	Black=1      Mistake:       	---       	Black=2      OK:         	White=5     	Black=6      Best:        	---       	Black=1      Strong:       	White=1     	---        Brilliant:      	White=1     	---} 1-0

[Event "Baku Open 2024"]
[Site "Baku"]
[Date "2024.07.02"]
[Round "4.36"]
[White "Rustamov, Rustam"]
[Black "Prokhorov, Aleksey"]
[Result "1-0"]
[ECO "B90"]
[WhiteElo "2285"]
[BlackElo "2161"]
[Annotator "NA RC"]
[PlyCount "133"]
[EventDate "2024.06.29"]
[EventType "swiss"]
[EventCountry "AZE"]
[SourceTitle "playchess.com"]
[Source "ChessBase"]
[SourceQuality "1"]
[TimeControl "5400+30"]

1. e4 c5 2. Nf3 d6 3. d4 cxd4 4. Nxd4 Nf6 5. Nc3 a6 6. h3 e5 7. Nde2 h5 8. Bg5 Be6 9. f4 Nbd7 10. f5 Bc4 11. Ng3 Rc8 12. Bxc4 Rxc4 13. Qe2 Rd4 14. O-O Be7 15. Be3 h4 16. Nh1 Rb4 17. Nf2 Nh5 18. Rfd1 Ng3 19. Qd3 Rxb2 20. Nd5 Nf6 21. Nxf6+ Bxf6 22. Qa3 Rxc2 23. Rxd6 Qc8 24. Ng4 Nxe4 25. Qa4+ Rc6 26. Rd3 Ng3 27. Nxf6+ gxf6 28. Bb6 Nxf5 29. Rd8+ Qxd8 30. Bxd8 Kxd8 31. Rd1+ Nd4 32. Qb3 Kc8 33. Qxf7 Rd8 34. Rb1 Rd7 35. Qe8+ Rd8 36. Qh5 Re6 37. Qf7 Rd7 38. Rc1+ Kd8 39. Qf8+ Re8 40. Qxf6+ Ree7 41. Qf8+ Re8 42. Rc8+ Kxc8 43. Qxe8+ Rd8 44. Qxe5 Nc6 45. Qf5+ Kb8 46. Qf4+ Ka7 47. Qxh4 Rd1+ 48. Kh2 Rd2 49. Qc4 Kb6 50. Qb3+ Kc7 51. h4 Rd4 52. g3 b5 53. h5 Rd7 54. Qe3 Re7 55. Qf4+ Ne5 56. Kh3 Kd6 57. Qd4+ Ke6 58. Qb6+ Kf5 59. g4+ Ke4 60. Qxa6 Rf7 61. Qxb5 Kf4 62. Qb4+ Kf3 63. g5 Nd3 64. Qg4+ Kf2 65. g6 Rf3+ 66. Qxf3+ Kxf3 67. g7 1-0

[Event "Baku Open 2024"]
[Site "Baku"]
[Date "2024.07.02"]
[Round "4.37"]
[White "Ismayil, Malak"]
[Black "Moosavifar, Seyed Abolfazl"]
[Result "0-1"]
[ECO "C51"]
[WhiteElo "2165"]
[BlackElo "2283"]
[Annotator "NA RC"]
[PlyCount "100"]
[EventDate "2024.06.29"]
[EventType "swiss"]
[EventCountry "AZE"]
[SourceTitle "playchess.com"]
[Source "ChessBase"]
[SourceQuality "1"]
[TimeControl "5400+30"]

1. e4 e5 2. Nf3 Nc6 3. Bc4 Bc5 4. b4 Bxb4 5. c3 Be7 6. d4 Na5 7. Bd3 d6 8. dxe5 dxe5 9. Nxe5 Nf6 10. Qa4+ c6 11. Ba3 b5 12. Qd4 Qc7 13. Bxe7 Qxe7 14. f4 O-O 15. O-O c5 16. Qe3 c4 17. Bc2 Bb7 18. Nd2 Nc6 19. Ndf3 b4 20. Nxc6 Bxc6 21. Ne5 Bb7 22. cxb4 Qxb4 23. Rab1 Qe7 24. h3 Rfc8 25. Rfd1 Rc7 26. Rd4 Rac8 27. Qc3 Nh5 28. Rf1 h6 29. Kh2 Nf6 30. Re1 Nh5 31. g3 Nf6 32. Bb1 Ne8 33. Red1 Nf6 34. Re1 Nd7 35. Nxd7 Rxd7 36. Rxc4 Rcd8 37. Bc2 Rd2+ 38. Kg1 Qe6 39. f5 Qb6+ 40. Qe3 Qb2 41. Qb3 Qe5 42. Qc3 Qd6 43. Qe3 Ba6 44. Rc3 Qb4 45. Qc5 Qb2 46. Qc7 Rc8 47. Qxc8+ Bxc8 48. Rxc8+ Kh7 49. Rb1 Qd4+ 50. Kh1 Qf2 0-1

[Event "Baku Open 2024"]
[Site "Baku"]
[Date "2024.07.02"]
[Round "4.38"]
[White "Ahmad, Khagan"]
[Black "Ghoreishi Amiri, Seyed Kian"]
[Result "1-0"]
[ECO "A07"]
[WhiteElo "2401"]
[BlackElo "2126"]
[Annotator "TA"]
[PlyCount "143"]
[EventDate "2024.06.29"]
[EventType "swiss"]
[EventCountry "AZE"]
[SourceTitle "playchess.com"]
[Source "ChessBase"]
[SourceQuality "1"]
[TimeControl "5400+30"]

1. Nf3 d5 2. g3 Nd7 3. Bg2 e5 4. d3 Ngf6 5. O-O c6 6. e4 dxe4 7. dxe4 Be7 8. Qe2 O-O 9. b3 Qc7 10. Bb2 b5 11. a4 a6 12. Rd1 Bb7 13. Nbd2 Rfe8 14. Nf1 Bf8 15. Nh4 g6 16. Ba3 b4 17. Bb2 a5 18. Nd2 Ba6 19. Qf3 Bg7 20. Bf1 Bxf1 21. Kxf1 Nc5 22. Qe3 Ne6 23. Nhf3 Nd4 24. Bxd4 exd4 25. Qd3 Nd7 26. Re1 Nc5 27. Qc4 Qb6 28. e5 Rad8 29. Ne4 $1 Nxe4 30. Rxe4 Rd5 31. Rae1 (31. Rxd4 $2 Rc5 32. Qe2 (32. Qd3 $2 Rc3 $19) 32... Rcxe5 $19 (32... Bxe5 33. Re1 $16)) 31... Rc5 32. Qe2 Re6 (32... Qa7 $142) 33. Qd3 (33. Rxd4 Rcxe5 34. Nxe5 Qxd4 $17) (33. Rd1 $142 $1) 33... Rd5 (33... Rc3 $142 34. Qxd4 Qxd4 35. Nxd4 Re8) 34. Rxd4 $16 Rxd4 35. Qxd4 (35. Nxd4 Rxe5 36. Rxe5 Bxe5 $11) 35... Qc7 36. Kg2 h6 37. h4 h5 (37... Bh8 $142 38. h5 gxh5) 38. Re3 Re7 39. Qd6 Qxd6 40. exd6 Rd7 41. Rd3 Bc3 42. Nd2 Bxd2 43. Rxd2 f6 44. Kf3 Kf7 45. g4 $1 Ke6 46. gxh5 gxh5 47. Ke4 Rxd6 (47... c5 $18 48. Rd5 Rxd6 49. Rxc5 Ke7) 48. Rxd6+ Kxd6 49. Kf5 Kd5 50. Kxf6 Kd4 51. f4 Kc3 52. f5 Kxc2 53. Ke5 Kxb3 54. f6 Ka2 55. f7 b3 56. f8=Q (56. f8=R b2 57. Rb8 (57. Rf2 $2 Kb3 $19) 57... b1=Q (57... b1=R 58. Rxb1 Kxb1 59. Kd6 $11) 58. Rxb1 Kxb1 $11) 56... b2 57. Qf2 Ka1 58. Qd4 Ka2 59. Qc4+ Ka1 60. Qc3 $1 (60. Qxc6 b1=Q $11) 60... Ka2 {[%emt 0:00:03] [#]} 61. Qc2 $1 (61. Qxc6 b1=Q $16) 61... Ka1 {[%emt 0:00:05] [#]} 62. Kd6 $1 (62. Qxc6 b1=Q $11) 62... b1=Q 63. Qxb1+ (63. Qxc6 $2 Qb4+ 64. Qc5 Qf4+ (64... Qxa4 65. Qc1+ Ka2 66. Qd2+ Kb1 67. Qd3+ Qc2 68. Qb5+ Kc1 69. Qxa5 $11) (64... Qxh4 65. Qa3+ Kb1 66. Qd3+ Kc1 67. Qc3+ Kd1 68. Qd3+ Ke1 69. Qe3+ Kf1 70. Qf3+ Kg1 71. Qe3+ Qf2 72. Qg5+ Kf1 73. Qxh5 $11) 65. Ke6 (65. Qe5+ Qxe5+ 66. Kxe5 Kb2 $11) 65... Qxa4 $17 (65... Qxh4 66. Qa3+ Kb1 67. Qb3+ Kc1 68. Qc3+ Kd1 69. Qxa5 $11)) 63... Kxb1 64. Kxc6 Kc2 65. Kb5 Kd3 66. Kxa5 Ke3 67. Kb4 Kf3 68. a5 Kg3 69. a6 Kxh4 70. a7 Kg3 71. a8=Q ({And not} 71. a8=B h4 $11) 71... h4 72. Qh1 1-0

[Event "Baku Open 2024"]
[Site "Baku"]
[Date "2024.07.02"]
[Round "4.39"]
[White "Putrenko, Kirill"]
[Black "Musayev, Eldar"]
[Result "1-0"]
[ECO "E44"]
[WhiteElo "2349"]
[BlackElo "2129"]
[Annotator "TA"]
[PlyCount "57"]
[EventDate "2024.06.29"]
[EventType "swiss"]
[EventCountry "AZE"]
[SourceTitle "playchess.com"]
[Source "ChessBase"]
[SourceQuality "1"]
[TimeControl "5400+30"]

1. d4 Nf6 2. c4 e6 3. Nc3 Bb4 4. e3 b6 5. Nge2 Bb7 6. a3 Be7 7. d5 e5 (7... O-O $11 {might be stronger.}) 8. Ng3 $16 a5 9. Nf5 g6 10. Nxe7 {[%emt 0:01:01] White is better.} Qxe7 11. e4 Na6 12. Be2 (12. Bd3 $142) 12... Nc5 13. Qc2 d6 14. Be3 Bc8 15. b3 Ng4 16. Bxg4 Bxg4 {[%emt 0:00:44] [#]} 17. O-O $1 Bd7 18. b4 Nb7 19. Nb5 {[%emt 0:18:14] White is more active.} O-O $2 {[%emt 0:11:22][%mdl 8192] Loses the game.} (19... Rc8 $16 {was necessary.}) 20. Nxc7 $18 Ba4 21. Qxa4 {[%emt 0:00:26] White is clearly winning.} Qxc7 22. Qb5 Rfc8 23. Rac1 ({Not} 23. Qxb6 Qxb6 24. Bxb6 axb4 $16) 23... axb4 24. axb4 Rab8 25. Bxb6 Qe7 26. c5 dxc5 27. bxc5 Qg5 28. Ba7 Nd6 29. cxd6 {[%emt 0:01:04] Weighted Error Value: White=0.05 (flawless) /Black=0.49.  Loses game:     	---       	Black=1      Mistake:       	White=1     	---        Inaccurate:     	---       	Black=1      OK:         	White=10    	Black=7      Best:        	White=2     	---        Strong:       	White=1     	---} (29. Bxb8 $2 {perishes.} Nxb5 30. f4 Qe7 31. Bxe5 Rxc5 $19) 1-0

[Event "Baku Open 2024"]
[Site "Baku"]
[Date "2024.07.02"]
[Round "4.40"]
[White "Gurbanov, Ismayil"]
[Black "Orujov, Elshad"]
[Result "1-0"]
[ECO "B13"]
[WhiteElo "2163"]
[BlackElo "2304"]
[Annotator "TA"]
[PlyCount "63"]
[EventDate "2024.06.29"]
[EventType "swiss"]
[EventCountry "AZE"]
[SourceTitle "playchess.com"]
[Source "ChessBase"]
[SourceQuality "1"]
[TimeControl "5400+30"]

1. e4 d5 2. exd5 Nf6 3. c4 c6 4. d4 cxd5 5. Nc3 Nc6 6. Nf3 Bg4 7. cxd5 Nxd5 8. Qb3 Bxf3 9. gxf3 Nb6 10. d5 Nd4 11. Bb5+ Nxb5 (11... Nd7 $11 12. Qa4 Nxb5 13. Qxb5 g6) 12. Nxb5 $14 {[%emt 0:00:04] [#] Black must now prevent Bf4.} a6 $1 (12... Nxd5 $2 13. Qxd5 Qxd5 14. Nc7+ Kd7 15. Nxd5 $18) 13. Nc3 g6 {[%emt 0:14:19] White is slightly better.} 14. Be3 Nd7 15. Bd4 {[%emt 0:00:30] Prevents Bg7. White is much more active.} f6 $2 (15... Nf6 $16) 16. d6 $18 (16. Qxb7 Bh6 17. O-O Bf4 $16) 16... exd6 $2 (16... Ne5 17. Ne4 (17. Qxb7 Rb8 $11) 17... Qa5+ 18. Bc3 Nxf3+ 19. Ke2 Qf5) 17. O-O-O (17. Qxb7 Bh6 18. Qd5 Qe7+ 19. Kf1 Rd8 $18) 17... Bh6+ 18. Kb1 Kf8 19. Rhe1 (19. Qxb7 Kg7 20. Rhe1 Rf8 $18) 19... Ne5 20. Nd5 Qd7 21. f4 Qf5+ 22. Ka1 Bxf4 23. Qxb7 (23. Nc7 Rc8 24. Qxb7 (24. Ne6+ Ke7 $18) 24... Rg8 $18) 23... Re8 {[%emt 0:00:30] Against Qe7+} 24. Nxf4 (24. Qxa6 Rd8 25. Bc3 Kg7 26. Nxf4 Qxf4 27. Qb7+ (27. Rxd6 Rxd6 28. Qxd6 Rf8 $16) 27... Nf7) 24... Qxf4 (24... Re7 $142 25. Qa8+ (25. Qxa6 Qxf4 26. Qxd6 Kf7 $18) (25. Qb8+ Kg7 $18) 25... Re8) 25. Be3 (25. Qxa6 Kg7 26. Qxd6 Rhf8 $18) 25... Qh4 26. Rd4 ({Weaker is} 26. Qxa6 Kg7 $16) 26... Qh3 27. Rxd6 Kg8 {[%emt 0:10:31][%cal Bf8g8,Bg8g7,Bg7f6][%mdl 32] Black is weak on the dark squares} 28. Rxf6 {[%emt 0:05:19] Hoping for Bd4.} Qc8 29. Qd5+ (29. Qxa6 Qxa6 30. Rxa6 Nd3 $18) 29... Kg7 30. Rb6 (30. Bd4 $142 Qc4 31. Qd6 (31. Rxe5 $2 Qc1#) 31... Qxd4 32. Qxd4 Kxf6 33. f4) 30... Qc4 (30... Nf7 $18 31. Qd4+ Kg8) 31. Rb7+ Kf6 {[%emt 0:02:04] [#]} 32. Rf7+ $3 {[%emt 0:00:06][%mdl 512] Black did not feel at home in the position after the opening.   Weighted Error Value: White=0.61/Black=0.96.  Loses game:     	---       	Black=1      Mistake:       	---       	Black=2      Inaccurate:     	---       	Black=2      OK:         	White=6     	Black=5      Best:        	White=3     	---        Strong:       	---       	Black=1} 1-0

[Event "Baku Open 2024"]
[Site "Baku"]
[Date "2024.07.02"]
[Round "4.41"]
[White "Avinash Ramesh"]
[Black "Lyutsinger, Iren"]
[Result "1-0"]
[ECO "B53"]
[WhiteElo "2252"]
[BlackElo "2069"]
[Annotator "NA RC"]
[PlyCount "105"]
[EventDate "2024.06.29"]
[EventType "swiss"]
[EventCountry "AZE"]
[SourceTitle "playchess.com"]
[Source "ChessBase"]
[SourceQuality "1"]
[TimeControl "5400+30"]

1. e4 c5 2. Nc3 d6 3. Nf3 Nf6 4. d4 cxd4 5. Qxd4 Nc6 6. Qd3 g6 7. Nd5 Bg7 8. c3 O-O 9. Be2 Be6 10. O-O Rc8 11. Bg5 Nd7 12. Rad1 h6 13. Bh4 Bxd5 14. exd5 Nce5 15. Nxe5 Nxe5 16. Qe3 g5 17. Bg3 Nc4 18. Bxc4 Rxc4 19. Qxa7 b5 20. a3 Rc5 21. Rfe1 Bf6 22. f3 Qc8 23. Bf2 Rc4 24. Qe3 Qf5 25. Qd3 Qxd3 26. Rxd3 Ra8 27. Red1 g4 28. fxg4 Rxg4 29. Re1 Kf8 30. h3 Rc4 31. Kf1 Ke8 32. Ke2 Kd7 33. Red1 Rg8 34. Rg3 Rg5 35. Rxg5 Bxg5 36. Bd4 e5 37. dxe6+ fxe6 38. Kf3 Ke7 39. g3 e5 40. Be3 Ke6 41. Bxg5 hxg5 42. Rh1 d5 43. h4 gxh4 44. gxh4 Rf4+ 45. Ke3 Kf6 46. h5 Kg7 47. Rd1 Re4+ 48. Kf3 Rf4+ 49. Kg3 Re4 50. Rxd5 b4 51. axb4 Re2 52. Kf3 Rxb2 53. Rxe5 1-0

[Event "Baku Open 2024"]
[Site "Baku"]
[Date "2024.07.02"]
[Round "4.42"]
[White "Dimitrova, Aleksandra"]
[Black "Nurgali, Nazerke"]
[Result "1/2-1/2"]
[ECO "E18"]
[WhiteElo "2138"]
[BlackElo "2252"]
[Annotator "NA RC"]
[PlyCount "111"]
[EventDate "2024.06.29"]
[EventType "swiss"]
[EventCountry "AZE"]
[SourceTitle "playchess.com"]
[Source "ChessBase"]
[SourceQuality "1"]
[TimeControl "5400+30"]

1. c4 e6 2. g3 d5 3. Bg2 Nf6 4. Nf3 Be7 5. O-O O-O 6. d4 b6 7. cxd5 exd5 8. Nc3 Bb7 9. Ne5 Na6 10. Bf4 c5 11. Rc1 Nc7 12. Qd2 cxd4 13. Qxd4 Ne6 14. Qd2 Bb4 15. Nd3 Bxc3 16. Qxc3 d4 17. Qb3 Bxg2 18. Kxg2 Nxf4+ 19. Nxf4 Qe7 20. h4 h6 21. Qf3 Rad8 22. Rfd1 Rd6 23. h5 Rfd8 24. Rc6 R6d7 25. Rdc1 Ne4 26. Rc8 Nc5 27. Rxd8+ Rxd8 28. b4 Ne4 29. a3 a5 30. bxa5 bxa5 31. Qb3 Nc3 32. e3 Qe4+ 33. Kg1 Rc8 34. exd4 Qxd4 35. Re1 Rd8 36. Qb7 Qc5 37. Qe7 Qxe7 38. Rxe7 Nd5 39. Re4 Nxf4 40. Rxf4 Rd3 41. a4 Rd5 42. g4 Kf8 43. Kg2 Ke7 44. Kf3 Ke6 45. Ke4 Rg5 46. f3 Rc5 47. Kd4 Rg5 48. Kc4 f5 49. Kd4 fxg4 50. fxg4 Kd6 51. Kc4 Kc6 52. Re4 Rc5+ 53. Kd4 Rd5+ 54. Kc4 Rc5+ 55. Kd4 Rd5+ 56. Kc4 1/2-1/2

[Event "Baku Open 2024"]
[Site "Baku"]
[Date "2024.07.02"]
[Round "4.43"]
[White "Abdinova, Narmin"]
[Black "Davudov, Tunar"]
[Result "1-0"]
[ECO "C54"]
[WhiteElo "2121"]
[BlackElo "2249"]
[Annotator "NA RC"]
[PlyCount "107"]
[EventDate "2024.06.29"]
[EventType "swiss"]
[EventCountry "AZE"]
[SourceTitle "playchess.com"]
[Source "ChessBase"]
[SourceQuality "1"]
[TimeControl "5400+30"]

1. e4 e5 2. Nf3 Nc6 3. Bc4 Nf6 4. d3 Bc5 5. c3 a6 6. a4 Ba7 7. O-O O-O 8. b4 d6 9. h3 Ne7 10. Re1 Ng6 11. Nbd2 Be6 12. Qb3 Qd7 13. d4 exd4 14. Bxe6 fxe6 15. cxd4 Kh8 16. Nf1 Nh5 17. Ra2 Nhf4 18. Ng3 Qf7 19. Bxf4 Nxf4 20. Kh2 Qg6 21. Rc2 Rf7 22. Rec1 Rc8 23. b5 axb5 24. Qxb5 c6 25. Qa5 Bb8 26. Rb1 d5 27. Rcb2 dxe4 28. Ng5 Rff8 29. N5xe4 Nd3 30. Rxb7 Nxf2 31. Rxb8 Nxe4 32. Qc7 Qxg3+ 33. Qxg3 Nxg3 34. Rxc8 Rxc8 35. Kxg3 Kg8 36. a5 Ra8 37. Ra1 Kf7 38. a6 Ra7 39. Kf4 h5 40. h4 Ke7 41. Ra5 Kf6 42. g3 g6 43. Ke4 Kf7 44. Ke5 Ke7 45. Ra3 Kd7 46. Kf6 Kd6 47. Ra5 c5 48. dxc5+ Kd5 49. c6+ Kd6 50. c7 Kxc7 51. Kxe6 Kb6 52. Ra3 Ra8 53. a7 Kb7 54. Kf7 1-0

[Event "Baku Open 2024"]
[Site "Baku"]
[Date "2024.07.02"]
[Round "4.44"]
[White "Tregubenko, Nikolay"]
[Black "Ravshanov, Sheralijon"]
[Result "1/2-1/2"]
[ECO "C13"]
[WhiteElo "2246"]
[BlackElo "2072"]
[Annotator "NA RC"]
[PlyCount "50"]
[EventDate "2024.06.29"]
[EventType "swiss"]
[EventCountry "AZE"]
[SourceTitle "playchess.com"]
[Source "ChessBase"]
[SourceQuality "1"]
[TimeControl "5400+30"]

1. e4 e6 2. d4 d5 3. Nc3 Nf6 4. Bg5 dxe4 5. Nxe4 Be7 6. Bxf6 gxf6 7. Nf3 b6 8. Bb5+ c6 9. Bd3 Bb7 10. Qd2 Qc7 11. Qh6 Nd7 12. Qg7 Rf8 13. Qxh7 O-O-O 14. Qh6 c5 15. dxc5 Nxc5 16. Nxc5 Qxc5 17. O-O-O Rg8 18. Rhg1 Qxf2 19. Rd2 Qc5 20. Rgd1 Bxf3 21. gxf3 Qg5 22. Qh7 Kb8 23. Qe4 Bc5 24. f4 Qd5 25. Qxd5 Rxd5 1/2-1/2

[Event "Baku Open 2024"]
[Site "Baku"]
[Date "2024.07.03"]
[Round "5.1"]
[White "Ibrahimli, Murad"]
[Black "Movahed, Sina"]
[Result "1/2-1/2"]
[ECO "D30"]
[WhiteElo "2400"]
[BlackElo "2482"]
[Annotator "TA"]
[PlyCount "124"]
[EventDate "2024.06.29"]
[EventType "swiss"]
[EventCountry "AZE"]
[SourceTitle "playchess.com"]
[Source "ChessBase"]
[SourceQuality "1"]
[TimeControl "5400+30"]

1. d4 Nf6 2. c4 e6 3. Nf3 d5 4. e3 Nbd7 5. Bd3 dxc4 6. Bxc4 {[%emt 0:00:06] D30: Queen's Gambit Declined: Systems without Nc3.} a6 7. a4 b6 8. O-O Bb7 9. Nc3 Bb4 10. Qe2 O-O 11. Rd1 Qe7 12. Bd2 c5 13. Ne5 Rfd8 14. h3 $146 ({Predecessor:} 14. Rac1 h6 15. h3 cxd4 16. exd4 Nxe5 17. dxe5 Bxc3 18. Bxc3 Nd5 19. Bd2 Qh4 20. Qg4 Qxg4 21. hxg4 {1-0 Epishin,V (2400)-Barsov,A Khodzhaev Memorial 1987}) 14... h6 15. Nd3 cxd4 16. exd4 Bxc3 17. Bxc3 Ne4 18. Bb4 Qf6 19. Ne5 a5 20. Ba3 Nxe5 21. dxe5 Qg5 22. Qe3 $1 Qxe3 23. fxe3 Rac8 24. b3 Bd5 25. Be7 Re8 26. Bxd5 exd5 27. Bd6 Rc3 28. b4 Rxe3 29. bxa5 bxa5 30. Rxd5 Rc8 31. Rxa5 Rc2 32. Kh1 (32. Ra8+ $2 Kh7 33. Kh1 (33. a5 $2 Ree2 $19) 33... Ree2 $19) 32... Ng3+ 33. Kh2 Nf5 34. Rc5 Rd2 35. Rg1 Nd4 36. Kh1 Ra2 37. Rc4 Ne6 38. Bc7 (38. Rc8+ $11 {remains equal.} Kh7 39. Rcc1) 38... g5 (38... Nxc7 $17 39. Rxc7 Rxe5) 39. Bb6 Rb3 40. a5 Nf4 41. e6 Nxe6 42. h4 Kh7 43. hxg5 hxg5 44. Rf1 Nf4 45. Rf2 Ra1+ 46. Kh2 Rbb1 47. Rc6 Nh5 (47... f6 $5) 48. Kh3 Ra3+ (48... Rh1+ $11 49. Kg4 f6) 49. Rf3 $2 {[%emt 0:00:38][%mdl 8192] [#]} (49. Kg4 $14 {stays ahead.} Rg3+ 50. Kf5) 49... Rb4 $2 (49... Ra4 $1 $19 50. Kh2 (50. g4 Nf4+) 50... g4) 50. Kh2 $1 $11 Rh4+ 51. Kg1 Ra1+ 52. Rf1 Rha4 53. Rxa1 Rxa1+ 54. Kf2 Ra2+ (54... Nf4 $11) 55. Ke3 $16 f5 (55... Nf4 $16 {might work better.}) 56. Kd4 $18 f4 57. Ke4 $2 ({Better is} 57. Kc4 $18) 57... g4 $14 58. Kf5 f3 $1 59. gxf3 gxf3 60. Kg4 f2 61. Bxf2 (61. Kxh5 {leads to mate.} f1=Q (61... f1=R 62. Rc4 $11) 62. Rc7+ Kg8 63. Rc8+ Kf7 64. Rc7+ Ke6 65. Rc6+ Kd7 66. Rc7+ Kd6 67. Bc5+ Kxc7 68. Bb6+ Kc6 69. Bd8 Qf5+ 70. Kh6 Rh2+) 61... Rxf2 62. Kxh5 Rf5+ 1/2-1/2